 Dungeon Crawl Stone Soup version 0.28.0-62-gf88900778d (webtiles) character file.

Game seed: 14501043412481025631

650 cbfl8 the Chopper (level 7, -2/62 HPs)
             Began as a Minotaur Monk on Sept 12, 2023.
             Slain by a shadow (34 damage)
             ... on level 5 of the Dungeon.
             The game lasted 00:05:50 (5839 turns).

cbfl8 the Chopper (Minotaur Monk)                   Turns: 5839, Time: 00:05:51

Health: -2/62      AC:  3    Str: 16    XL:     7   Next: 28%
Magic:  6/6        EV: 13    Int:  7    God:
Gold:   253        SH:  0    Dex: 14    Spells: 6/6 levels left

rFire   . . .      SeeInvis .   a - +1 hand axe
rCold   . . .      Faith    .   (no shield)
rNeg    . . .      Spirit   .   b - +0 robe
rPois   .          Reflect  .   (helmet restricted)
rElec   .          Harm     .   i - +0 cloak
rCorr   .          Rampage  .   (no gloves)
Will    .....                   (no boots)
Stlth   ++........              m - amulet of the acrobat
HPRegen 0.20/turn               (no ring)
MPRegen 0.10/turn               (no ring)

@: no status effects
A: horns 2, retaliatory headbutt
a: no special abilities


You were on level 5 of the Dungeon.
You visited 1 branch of the dungeon, and saw 6 of its levels.

You collected 253 gold pieces.

Inventory:

Hand Weapons
 a - a +1 hand axe (weapon)
Armour
 b - a +0 robe (worn)
 i - a +0 cloak (worn)
Jewellery
 m - an amulet of the acrobat (around neck)
Wands
 k - a wand of flame (15)
 l - a wand of iceblast (1) (quivered)
Scrolls
 c - a scroll of fear
 d - 2 scrolls of immolation
 h - 2 scrolls of blinking


   Skills:
 + Level 5.9 Fighting
 + Level 7.9 Axes
 - Level 3.2 Dodging
 - Level 1.5 Stealth
 * Level 3.1 Evocations


You had 6 spell levels left.
You didn't know any spells.
Your spell library contained the following spells:

 Spells                   Type           Power      Damage    Failure   Level
 Animate Skeleton         Necr           0%         N/A       43%         1
 Apportation              Tloc           0%         N/A       43%         1
 Slow                     Hex            0%         N/A       43%         1
 Summon Small Mammal      Summ           0%         N/A       43%         1
 Confusing Touch          Hex            0%         N/A       80%         3
 Ignite Poison            Fire/Tmut/Pois 0%         N/A       80%         3
 Mephitic Cloud           Conj/Pois/Air  0%         N/A       80%         3
 Vampiric Draining        Necr           0%         2d6       80%         3
 Freezing Cloud           Conj/Ice/Air   0%         6-21      100%        5


Dungeon Overview and Level Annotations

Branches:
Dungeon (6/15)
 Temple: D:4-7

Altars:
Gozag
Okawaru
Trog
Zin

Shops:
D:4 *

Annotations:
D:3 1 runed translucent door, Crazy Yiuf


Innate Abilities, Weirdness & Mutations

You have a pair of horns on your head.
You reflexively headbutt those who attack you in melee.


Message History

You kill the adder!
Unknown command.
No target in view!
Unknown command.
No target in view!
Unknown command.
No target in view!
Found a glaive.
The shadow strikes at you from the darkness!
Reactivating autopickup.
You see here an adder corpse.
You hit the shadow but do no damage. You headbutt the shadow!
The shadow is heavily damaged.
The shadow barely misses you.
You hit the shadow but do no damage.
The shadow is heavily damaged.
The shadow closely misses you.
Unknown command.
You barely miss the shadow.
You headbutt the shadow, but do no damage.
The shadow is heavily damaged.
The shadow hits you.
You hit the shadow but do no damage.
The shadow is heavily damaged.
The shadow hits you.
Unknown command.
You barely miss the shadow.
The shadow is heavily damaged.
The shadow hits you!
Unknown command.
You hit the shadow but do no damage.
The shadow is heavily damaged.
The shadow slips into darkness.
The shadow flickers and vanishes!
Deactivating autopickup; reactivate with Ctrl-A.
Unknown command.
You hit something but do no damage.
The shadow strikes at you from the darkness!
Ouch! That really hurt!
You die...

#### ##.. #){# ##@#
#.#### ##.#.##
######.#.#.##
#########....######.#
##......#.....#.#.#.##..#
.........†.............#
##............##########
................>#


There were no monsters in sight!

Vanquished Creatures
  A water moccasin (D:3)
  A black bear (D:6)
  A sky beast (D:6)
  A scorpion (D:6)
  A centaur zombie (D:5)
  A bullfrog zombie (D:6)
  A bullfrog skeleton (D:4)
  A hound skeleton (D:4)
  5 adders
  5 river rats (D:4)
  A worm (D:3)
  4 dart slugs
  2 orcs
  4 bats
  7 endoplasms
  A giant cockroach (D:3)
  5 goblins
  8 hobgoblins
  7 jackals
  9 quokkas
  2 ball pythons
  3 frilled lizards
  5 kobolds
  23 rats
99 creatures vanquished.

Vanquished Creatures (others)
  A fungus (D:3)
  A plant (D:3)
2 creatures vanquished.

Grand Total: 101 creatures vanquished

Notes
Turn   | Place    | Note
-------+----------+-------------------------------------------
     0 | D:1      | cbfl8 the Minotaur Monk began the quest for the Orb.
     0 | D:1      | Reached XP level 1. HP: 19/19 MP: 0/0
   197 | D:1      | Reached XP level 2. HP: 14/27 MP: 1/1
   400 | D:1      | Reached skill level 4 in Axes
   842 | D:1      | Reached skill level 1 in Evocations
   968 | D:1      | Reached XP level 3. HP: 33/33 MP: 2/2
  1134 | D:1      | Found a faded altar of an unknown god.
  2330 | D:3      | Reached XP level 4. HP: 41/41 MP: 3/3
  2594 | D:3      | Found an opulent altar of Gozag.
  2625 | D:3      | Found an iron altar of Okawaru.
  2839 | D:3      | Found a bloodstained altar of Trog.
  2839 | D:3      | Found a glowing silver altar of Zin.
  2944 | D:3      | You fall into a shaft and drop 3 floors!
  2944 | D:6      | Noticed a bullfrog
  2956 | D:6      | Reached skill level 5 in Axes
  2958 | D:6      | Noticed a scorpion
  2972 | D:6      | Noticed a black bear
  2982 | D:6      | Noticed a sky beast
  2994 | D:6      | Killed a sky beast
  2995 | D:6      | Reached skill level 5 in Fighting
  2995 | D:6      | Reached skill level 6 in Axes
  2995 | D:6      | Reached XP level 5. HP: 48/48 MP: 4/4
  3187 | D:6      | Killed a black bear
  3188 | D:6      | Reached XP level 6. HP: 26/56 MP: 5/5
  3572 | D:5      | Entered Level 5 of the Dungeon
  3732 | D:3      | Found a runed translucent door.
  3733 | D:3      | Noticed Crazy Yiuf
  3895 | D:4      | Reached skill level 7 in Axes
  4141 | D:4      | Found Ufaitonu's Lightly-Used Armoury.
  4219 | D:4      | Noticed a water moccasin
  4758 | D:3      | Killed a water moccasin
  4759 | D:3      | Reached XP level 7. HP: 62/62 MP: 6/6
  5829 | D:5      | Noticed a shadow
  5839 | D:5      | Slain by a shadow

Illustrated notes

Levels and vault maps discovered:
D:1:      shiori_arrival_maze, layout_loops_corners,
          shapermc_ecumenical_altar_totnotflames
D:2:      layout_basic, minivault_25, minmay_misc_feat_more_columns
D:3:      layout_loops_ring, mainiacjoe_overflow_cross_hatched,
          nicolae_gozag_cash_rules_everything_around_me,
          gammafunk_temple_overflow_wave, uniq_crazy_yiuf_cottage
D:4:      layout_loops_ring, hangedman_abyss_or_decor_jellyfish_corner,
          chequers_serial_rivers_micro_e, minmay_shop_damaged,
          dk_rats_in_the_wall
D:5:      layout_rooms, serial_shops, shop, hex_large, minmay_misc_feat_doors,
          chequers_serial_rivers_micro_a, moated_statue,
          chequers_serial_rivers_room_b, minmay_small_thing
D:6:      kennysheep_slugbush, layout_cave_pools

Skill      XL: |  1  2  3  4  5  6  7 |
---------------+----------------------+-----
Fighting       | 4 5 |  5.9
Axes           | 4 6 7 |  7.9
Evocations     | 1 2 3 |  3.1
Dodging        | |  3.2
Stealth        | |  1.5

Action                   |  1- 3 |  4- 6 |  7- 9 || total
-------------------------+-------+-------+-------++-------
Melee: Hand axe          |    92 |    74 |    65 ||   231
       Headbutt          |    12 |    16 |    15 ||    43
       Punch             |       |     2 |     3 ||     5
Evoke: Wand              |       |     2 |       ||     2
  Use: Scroll            |     8 |     3 |       ||    11
       Potion            |       |     4 |       ||     4
 Stab: Sleeping          |    11 |     5 |     2 ||    18
Armor: Robe              |     8 |    17 |    13 ||    38
       Skin              |       |    17 |       ||    17
Dodge: Dodged            |    64 |    45 |    38 ||   147
